 Dungeon Crawl Stone Soup version 0.29.1-15-g9cfb28693d (webtiles) character file.

Game seed: 15243327777230455184

79 protoss039 the Sneak (level 4, -14/26 HPs)
             Began as a Tengu Enchanter on Mar 25, 2023.
             Demolished by a gnoll
             ... wielding a +0 halberd
              (15 damage)
             ... on level 3 of the Dungeon.
             The game lasted 00:02:48 (2329 turns).

protoss039 the Sneak (Tengu Enchanter)              Turns: 2329, Time: 00:02:48

Health: -14/26     AC:  2    Str:  9    XL:     4   Next: 38%
Magic:  8/8        EV: 13    Int: 15    God:
Gold:   40         SH:  0    Dex: 16    Spells: 2/7 levels left

rFire   . . .      SeeInvis .   a - +1 dagger
rCold   . . .      Faith    .   (no shield)
rNeg    . . .      Spirit   .   b - +0 robe
rPois   .          Reflect  .   (helmet restricted)
rElec   .          Harm     .   (no cloak)
rCorr   .          Rampage  .   (no gloves)
Will    .....                   (boots unavailable)
Stlth   ++........              (no amulet)
HPRegen 0.08/turn               (no ring)
MPRegen 0.11/turn               (no ring)

@: invisible
A: beak, talons 3
a: no special abilities


You were on level 3 of the Dungeon.
You visited 1 branch of the dungeon, and saw 3 of its levels.

You collected 40 gold pieces.

Inventory:

Hand Weapons
 a - a +1 dagger (weapon)
Armour
 b - a +0 robe (worn)
Scrolls
 d - 2 scrolls of identify {unknown}
 e - a scroll of teleportation {unknown}
 o - a scroll of noise {unknown}
Potions
 f - 3 potions of curing
 g - a potion of ambrosia {unknown}
 h - a potion of might {unknown}
 i - a potion of cancellation {unknown}
 j - 2 potions of resistance {unknown}
 k - a potion of heal wounds {unknown}
 l - 2 potions of mutation {unknown}
 m - a potion of haste {unknown}


   Skills:
 * Level 1.9 Fighting
 + Level 1.9 Short Blades
 + Level 2.7 Dodging
 + Level 3.4 Stealth
 + Level 2.3 Spellcasting
 + Level 2.4 Hexes


You had 2 spell levels left.
You knew the following spells:

 Your Spells              Type           Power      Damage    Failure   Level
a - Ensorcelled Hibernat  Hex/Ice        10%        N/A       21%         2
b - Confusing Touch       Hex            9%         N/A       24%         3

Your spell library contained the following spells:

 Spells                   Type           Power      Damage    Failure   Level
 Apportation              Tloc           2%         N/A       22%         1
 Magic Dart               Conj           4%         1d3       22%         1
 Necrotise                Necr           4%         1d4       22%         1
 Summon Small Mammal      Summ           4%         N/A       22%         1
 Call Imp                 Summ           1%         N/A       32%         2
 Tukima's Dance           Hex            9%         N/A       24%         3
 Dazzling Flash           Conj/Hex       10%        N/A       36%         3
 Mephitic Cloud           Conj/Pois/Air  1%         N/A       54%         3


Dungeon Overview and Level Annotations

Branches:
Dungeon (3/15) Zot: 15676

Altars:


Innate Abilities, Weirdness & Mutations

You have a beak for a mouth.
You have claws for feet.


Message History

The adder is almost dead.
The adder misses you.
Unknown command.
You miss the adder. You claw the adder, but do no damage. You peck the adder.
You kill the adder!
Unknown command.
The gnoll looks more healthy.
Found 10 gold pieces.
Unknown command.
You hit the gnoll but do no damage. Your kick misses the gnoll.
The gnoll is severely wounded.
The gnoll hits you with a +0 flail! The gnoll closely misses you.
Unknown command.
You hit the gnoll.
The gnoll is severely wounded.
The gnoll barely misses you. The gnoll misses you.
Unknown command.
You closely miss the gnoll. You peck the gnoll, but do no damage.
The gnoll is severely wounded.
The gnoll hits you with a +0 flail!
* * * LOW HITPOINT WARNING * * *
The gnoll closely misses you.
Unknown command.
You barely miss the gnoll. Your kick misses the gnoll.
You peck the gnoll, but do no damage.
The gnoll is severely wounded.
The gnoll hits you with a +0 halberd.
* * * LOW HITPOINT WARNING * * *
The gnoll closely misses you.
Unknown command.
You hit the gnoll but do no damage. Your kick misses the gnoll.
The gnoll is severely wounded.
The gnoll misses you. The gnoll closely misses you. The gnoll misses you.
The gnoll barely misses you.
Unknown command.
You hit the gnoll but do no damage. Your peck misses the gnoll.
The gnoll is severely wounded.
The gnoll misses you. The gnoll hits you with a +0 halberd!
Ouch! That really hurt!
You die...

.†......# ##....####.........
..#####.#######..##..............
.................................
...##### #.........#............
.....# ##.........##...........
........ #........†.....#........
........ ..............#..†......
##...... .....?ggg.#####.........
.......( .......@### #.........
##...... ......(>g.# #.........
.[.# .....(....# #.........
........$.# ##........ # ..
...(......# ##......# #.....
..(........ ########
........g..........##
$...............####
##....>g......


You could see 4 gnolls.

Vanquished Creatures
  4 adders
  2 dart slugs
  3 endoplasms (D:2)
  2 giant cockroaches
  4 goblins
  2 hobgoblins
  4 quokkas (D:2)
  6 ball pythons
  5 bats
  4 frilled lizards
  4 kobolds
  2 rats (D:1)
42 creatures vanquished.

Notes
Turn   | Place    | Note
-------+----------+-------------------------------------------
     0 | D:1      | protoss039 the Tengu Enchanter began the quest for the Orb.
     0 | D:1      | Reached XP level 1. HP: 10/10 MP: 4/4
   188 | D:1      | Reached XP level 2. HP: 16/16 MP: 6/6
   207 | D:1      | Learned a level 2 spell: Ensorcelled Hibernation
   540 | D:1      | Reached skill level 1 in Fighting
   834 | D:2      | Reached XP level 3. HP: 17/20 MP: 2/7
  1362 | D:2      | Found a faded altar of an unknown god.
  2059 | D:2      | Learned a level 3 spell: Confusing Touch
  2128 | D:3      | Reached XP level 4. HP: 26/26 MP: 8/8
  2327 | D:3      | HP: 1/26 [gnoll/+0 halberd (6)]
  2329 | D:3      | Demolished by a gnoll

Illustrated notes

Levels and vault maps discovered:
D:1:      dpeg_chamrin_arrival_tetris, layout_loops_ring,
          grunt_decor_mini_mirrors
D:2:      layout_basic, basic_ecumenical_altar
D:3:      layout_rooms, uniq_crazy_yiuf_cottage

Skill      XL: |  1  2 |
---------------+-------+-----
Fighting       | 1 |  1.9
Short Blades   | |  1.9
Dodging        | |  2.7
Stealth        | |  3.4
Spellcasting   | |  2.3
Hexes          | |  2.4

Action                   |  1- 3 |  4- 6 || total
-------------------------+-------+-------++-------
Melee: Dagger            |    67 |    17 ||    84
       Kick              |    16 |     4 ||    20
       Peck              |     8 |     4 ||    12
Throw: Dart              |       |     4 ||     4
 Cast: Ensorcelled Hiber |     4 |     2 ||     6
  Use: Potion            |     2 |     1 ||     3
 Stab: Sleeping          |    13 |     2 ||    15
       Invisible         |     1 |       ||     1
Armor: Robe              |     6 |     1 ||     7
Dodge: Dodged            |    31 |    21 ||    52
